Makel, lawful male human Knight --------- |.......| ##########------ -------- |.......| #......# |{.....| ##........| |....|# |......| # ---|----- |....|# |......| ### ###### |....|# |......| # # ------# #........#### ### # ###-|---.-- # # # # ## ## ################# --------|--- # # --|---- |.......@..| #### #####-.....| |.[[[[).%[.| #-----# # |....<| |[.[.[.[u[[| #-...-#### |.{...| |[.[[[[@[[)| |...|# |.....| ------------ |...-# ------- |...| ----- Makel the Esquire Experience level: 3 Strength: 17 Dexterity: 8 Constitution: 11 Intelligence: 8 Wisdom: 15 Charisma: 17 Health: 12(27) Energy: 18(18) Def: 7 Gold: 0 Moves: 1584 Dungeon seed: j-mDn95smxuPnxo6 Game ID: Makel_1465269314 Your Inventory: Weapons a - a cursed thoroughly rusty +1 long sword (weapon in hand) b - a +1 lance i - 10 cursed -2 darts Armor e - an uncursed +1 ring mail (being worn) n - an uncursed +0 helmet (being worn) q - an uncursed +0 small shield (being worn) r - an uncursed +0 pair of leather gloves (being worn) N - an uncursed +0 plate mail Comestibles c - 10 uncursed apples d - 11 uncursed carrots h - an uncursed food ration Scrolls l - an uncursed scroll of enchant armor m - an uncursed scroll of stinking cloud x - an uncursed scroll of identify Spellbooks p - an uncursed spellbook of force bolt Potions k - an uncursed potion of water t - an uncursed potion of extra healing Rings z - a cursed ring of levitation Tools v - an uncursed brass lantern (0:1048) Gems y - an uncursed opal Spells and supernatural/magical abilities: Name Level Category Fail Memory W - pray for help -- divine ? -- X - turn undead -- divine ? -- Y - supernatural jump -- ability ? -- Your skills at the end: Fighting Skills riding [Basic] Weapon Skills long sword [Basic] lance [Basic] Spellcasting Skills Final Attributes: You were piously aligned. You could jump. You survived. Vanquished creatures: a large mimic a yellow mold 2 jackals a fox a kobold 2 goblins 2 grid bugs 2 lichens 6 newts 18 creatures vanquished. Voluntary challenges: You were vegetarian. You were an atheist. You used a wielded weapon 17 times, starting on turn 80. You read items or engraved 2 times, starting on turn 751. You never genocided any monsters. You never polymorphed an object. You never changed form. You used no wishes. You never split a pudding. You never wrote Elbereth's name. You never violated your personal moral code. Dungeon overview: The Dungeons of Doom: levels 1 to 3 Level 1 a long staircase Level 2 a general store Level 3 <- You were here an armor shop, some fountains History has recorded: On T:1 you entered the Dungeons of Doom to retrieve the Amulet of Yendor! On T:428 you reached level 2 of The Dungeons of Doom. On T:991 you reached level 3 of The Dungeons of Doom. On T:1257 you advanced to experience level 2. On T:1529 you advanced to experience level 3. Score breakdown: Gold: 0 ( 0 points) Experience: 3 levels ( 7878 points) Exploration: 3 levels ( 6.25%) ( 6188 points) Discoveries: 2 items ( 0.81%) ( 2705 points) Valuables value: (no points given unless you survive) Artifact value: 0 ( 0 points) Variety of kills: 9 monsters ( 2.36%) ( 4610 points) Turncount: 1584 turns ( 0 points) Survival: quit (score multiplied by 90%) Total score: 19242 Latest messages: The saddled pony drops a chain mail. You see here a chain mail (57 zorkmids). The saddled pony picks up a chain mail. The saddled pony drops a chain mail. The saddled pony picks up a mace. You stop. Your saddled pony is in the way! The saddled pony drops a mace. There are a few objects here. The saddled pony picks up a splint mail. You see here a dwarvish cloak (38 zorkmids). To quit the game, use the 'save' command (typically on 'S'). Never mind. To quit the game, use the 'save' command (typically on 'S'). (2x) Having fun sitting on the floor? The saddled pony drops a splint mail. Having fun sitting on the floor? The saddled pony picks up a splint mail. Having fun sitting on the floor? The saddled pony drops a splint mail. Having fun sitting on the floor? Yildizeli comes and takes all your possessions. Final status: Fare thee well Makel the Knight, quit... You quit in The Dungeons of Doom on dungeon level 3 with 19242 points, and 0 pieces of gold, after 1584 moves. You were level 3 with a maximum of 27 hit points when you quit.